[Event "WSTCC-50 2024"]
[Site "Krakow"]
[Date "2024.07.04"]
[Round "3.8"]
[White "Davies, Nigel R"]
[Black "Townsend, M Paul"]
[Result "1-0"]
[ECO "D35"]
[WhiteElo "2325"]
[BlackElo "2147"]
[Annotator "TA"]
[PlyCount "41"]
[EventDate "2024.07.01"]
[EventType "team-tourn"]
[EventCountry "POL"]
[SourceTitle "playchess.com"]
[Source "ChessBase"]
[SourceQuality "1"]
[TimeControl "40/5400+30:1800+30"]

1. c4 e6 2. Nc3 d5 3. d4 Nf6 4. cxd5 exd5 5. Bg5 c6 6. e3 Be7 7. Bd3 Nbd7 8. Nf3 h6 9. Bh4 Nh5 10. Bxe7 Qxe7 11. O-O O-O 12. Rb1 a5 13. a3 Nhf6 14. Qc2 Re8 15. b4 axb4 16. axb4 Nb6 17. Ne2 {[%emt 0:05:56] White is slightly better.} Bd7 18. Rfc1 Ne4 19. Ne5 {[%emt 0:05:15][%cal Ob4b5] Repels Nc4} Nd6 20. Nf4 {[%emt 0:14:29] Black must now prevent Bh7+. White is more active.} Rec8 $2 {[%emt 0:04:56][%mdl 8192] [#]} (20... g5 $14 21. Bh7+ Kg7 22. Nh5+ Kh8) 21. Bh7+ $1 {[%emt 0:00:47] Weighted Error Value: White=0.10 (very precise) /Black=0.24 (precise) .  Loses game:     	---       	Black=1      Inaccurate:     	---       	Black=3      OK:         	White=3     	Black=2      Strong:       	White=1     	---} 1-0

[Event "WSTCC-50 2024"]
[Site "Krakow"]
[Date "2024.07.04"]
[Round "3.8"]
[White "Findlay, Ian T."]
[Black "Wielosz, Jaroslaw"]
[Result "0-1"]
[ECO "C68"]
[WhiteElo "2118"]
[BlackElo "1920"]
[Annotator "NA RC"]
[PlyCount "116"]
[EventDate "2024.07.01"]
[EventType "team-tourn"]
[EventCountry "POL"]
[SourceTitle "playchess.com"]
[Source "ChessBase"]
[SourceQuality "1"]
[TimeControl "40/5400+30:1800+30"]

1. e4 e5 2. Nf3 Nc6 3. Bb5 a6 4. Bxc6 dxc6 5. O-O Bg4 6. h3 h5 7. d3 Qf6 8. Be3 Bxf3 9. Qxf3 Qxf3 10. gxf3 Bd6 11. Nd2 Ne7 12. Nc4 f6 13. f4 exf4 14. Nxd6+ cxd6 15. Bxf4 Kd7 16. Kh2 g5 17. Be3 Rag8 18. f4 g4 19. f5 c5 20. d4 gxh3 21. dxc5 Rg2+ 22. Kxh3 Rhg8 23. Bf4 d5 24. Rad1 Rxc2 25. e5 Nxf5 26. e6+ Kc6 27. Rd2 Rc4 28. Rg2 Re8 29. Re2 Nd4 30. Rd2 Nxe6 31. Bh6 Ng5+ 32. Bxg5 fxg5 33. Rf5 Rh4+ 34. Kg3 Rg4+ 35. Kf3 Rf4+ 36. Rxf4 gxf4 37. Kxf4 Kxc5 38. Rc2+ Kd6 39. Rg2 Rf8+ 40. Ke3 Re8+ 41. Kd3 Re4 42. Rg7 b6 43. Rb7 Kc6 44. Ra7 a5 45. b3 Rh4 46. Ra8 Rh2 47. a3 Rh3+ 48. Kc2 h4 49. Rc8+ Kd6 50. Rd8+ Kc5 51. Rc8+ Kd4 52. Rc6 Rh2+ 53. Kc1 b5 54. a4 b4 55. Kb1 Rh3 56. Kb2 Rg3 57. Rh6 h3 58. Rh4+ Kc5 0-1

[Event "WSTCC-50 2024"]
[Site "Krakow"]
[Date "2024.07.04"]
[Round "3.8"]
[White "Thomas, Gary"]
[Black "Skorecki, Janusz"]
[Result "1-0"]
[ECO "C50"]
[WhiteElo "1865"]
[BlackElo "1729"]
[Annotator "NA RC"]
[PlyCount "51"]
[EventDate "2024.07.01"]
[EventType "team-tourn"]
[EventCountry "POL"]
[SourceTitle "playchess.com"]
[Source "ChessBase"]
[SourceQuality "1"]
[TimeControl "40/5400+30:1800+30"]

1. e4 e5 2. Nf3 Nc6 3. d4 exd4 4. Bc4 Be7 5. O-O d6 6. Nxd4 Nxd4 7. Qxd4 Nf6 8. Nc3 O-O 9. h3 Be6 10. Bb3 Bxb3 11. axb3 a6 12. Rd1 Re8 13. Be3 Qc8 14. Qc4 Bd8 15. Ra5 Qe6 16. f3 c6 17. Raa1 d5 18. Qb4 dxe4 19. fxe4 Nxe4 20. Re1 Bh4 21. Re2 Nxc3 22. bxc3 Bg5 23. Rae1 Bxe3+ 24. Rxe3 Qd7 25. Qxb7 Qd8 26. Qxa8 1-0

[Event "WSTCC-50 2024"]
[Site "Krakow"]
[Date "2024.07.04"]
[Round "3.9"]
[White "Olafsson, Helgi"]
[Black "Oratovsky, Michael"]
[Result "1/2-1/2"]
[ECO "A41"]
[WhiteElo "2466"]
[BlackElo "2417"]
[Annotator "TA"]
[PlyCount "65"]
[EventDate "2024.07.01"]
[EventType "team-tourn"]
[EventCountry "POL"]
[SourceTitle "playchess.com"]
[Source "ChessBase"]
[SourceQuality "1"]
[TimeControl "40/5400+30:1800+30"]

1. d4 d6 2. Nf3 Nf6 3. c4 g6 4. Nc3 Bf5 5. Nh4 Bd7 6. e4 e5 7. Nf3 Bg7 8. d5 a5 9. h3 {White is slightly better.} Na6 10. Bg5 Nc5 11. Bd3 h6 12. Be3 Nh5 13. Bc2 Nf4 14. Rg1 O-O 15. Qd2 f5 (15... b6 $11) 16. exf5 (16. Nxe5 $14 Bxe5 17. Bxf4 Bxf4 18. Qxf4) 16... Bxf5 $11 17. Bxc5 dxc5 18. Ne4 (18. O-O-O $11) 18... b5 19. cxb5 Nxd5 (19... Qxd5 $6 20. Qxd5+ Nxd5 21. g4 Bxe4 22. Bxe4 $14) (19... a4 $15) 20. O-O-O $14 Nb4 21. Bb3+ Kh8 22. Qe2 {[%emt 0:00:41] Active counter play!} (22. Nxc5 $2 Qe7 23. Qc3 e4 $19) (22. Qxd8 $14 Raxd8 (22... Rfxd8 23. Nxc5 Nd3+ 24. Nxd3 $16) 23. Nxc5) 22... Qe8 $1 $15 {[%emt 0:00:22] ...Bxe4 would now be deadly.} 23. a3 {[%emt 0:00:06] [#]} (23. Nh4 $15 a4 24. Bc4) 23... a4 (23... Bxe4 $1 $19 24. Qxe4 Rf4) 24. Bc4 (24. Nxc5 $2 axb3 25. axb4 e4 26. Nxb3 exf3 27. Qxe8 Rfxe8 $19 (27... Raxe8 $2 28. Nd4 $19)) ({Better is} 24. Bd5 $1 $15 Nxd5 25. Rxd5) 24... Bxe4 $19 25. Qxe4 {[%emt 0:00:05][%cal Og1e1] Rge1! is the strong threat.} Rf4 26. Qe2 e4 $1 {[%emt 0:00:11][%cal Oe8f8] Threatens to win with ...Qf8!} 27. Ne1 {[%emt 0:02:35][%cal Og2g3] [#]} Qe5 $2 28. g3 $1 $36 {[%emt 0:01:44][%mdl 2048] White has good play.} (28. axb4 $2 a3 29. Kb1 axb2 $19) 28... Rff8 {[%cal Oc7c6] Hoping for ...c6!} 29. Ng2 (29. axb4 $2 {perishes.} a3 30. Nd3 axb2+ (30... exd3 $2 31. Qxe5 Bxe5 32. Kd2 $19) 31. Qxb2 Ra1+ (31... exd3 32. Qxe5 Bxe5 33. f4 $17) 32. Kd2 e3+ (32... Qxb2+ 33. Nxb2 Ra3 34. bxc5 $11) (32... Qg5+ $2 33. f4 $19) 33. fxe3 Rf2+ (33... Qxb2+ $2 34. Nxb2 Ra3 35. Nd3 $18) 34. Nxf2 Qxb2+ 35. Ke1 Qc3+ (35... cxb4 $2 36. Bd3 $19) (35... Qxb4+ $2 36. Kf1 $19) 36. Kf1 Rxd1+ (36... Qxc4+ $2 37. Kg2 $19) (36... Qxb4 $2 37. Rxa1 Qxc4+ 38. Kg2 $19) (36... Qxe3 $2 37. bxc5 Ra8 38. Kg2 $19) (36... cxb4 $2 37. Rxa1 Qxc4+ 38. Kg2 $19) 37. Nxd1 Qxc4+ $19) 29... Nd3+ 30. Bxd3 exd3 31. Qxe5 Bxe5 32. Rge1 Bxb2+ 33. Kxb2 {[%emt 0:00:08] Weighted Error Value: White=0.30/Black=0.25 (precise) .  Missed win:     	---       	Black=1      Mistake:       	White=5     	Black=3      Inaccurate:     	White=1     	---        OK:         	White=7     	Black=7      Best:        	White=3     	Black=3      Strong:       	White=1     	Black=2} 1/2-1/2

[Event "WSTCC-50 2024"]
[Site "Krakow"]
[Date "2024.07.04"]
[Round "3.9"]
[White "Schuster, Karsten"]
[Black "Skibbe, Diana"]
[Result "1-0"]
[ECO "A81"]
[WhiteElo "2307"]
[BlackElo "1942"]
[Annotator "TA"]
[PlyCount "79"]
[EventDate "2024.07.01"]
[EventType "team-tourn"]
[EventCountry "POL"]
[SourceTitle "playchess.com"]
[Source "ChessBase"]
[SourceQuality "1"]
[TimeControl "40/5400+30:1800+30"]

1. d4 f5 2. g3 Nf6 3. Bg2 g6 4. Nf3 Bg7 5. O-O O-O 6. b3 d6 7. Bb2 c6 8. Nbd2 Kh8 (8... a5 $11 {remains equal.}) 9. Re1 $16 Ne4 10. c4 Nxd2 11. Qxd2 {[%emt 0:00:35] White is better.} (11. Nxd2 e5 $14) 11... d5 12. h4 Be6 13. Rac1 Nd7 14. Ba3 Bg8 15. Qb4 dxc4 16. bxc4 (16. Qxe7 Qxe7 (16... cxb3 17. axb3 Bd5 18. Qb4 $14) 17. Bxe7 Rfe8 $11) 16... Nb6 17. e3 (17. Qxe7 Nxc4 18. Bc5 Qxe7 19. Bxe7 Rfe8 $11) 17... Re8 18. c5 {[%emt 0:02:57] White is more active.} (18. Ne5 $16) 18... Nd5 $14 19. Qb1 Qc7 ({Better is} 19... Rf8 $14) 20. h5 $1 $16 Nf6 ({Black should try} 20... Bf7) 21. hxg6 hxg6 22. Ne5 Kh7 {[%emt 0:04:00] [#]} 23. Bf3 ({White should play} 23. e4 $1 $18 Nxe4 24. Rxe4 (24. Bxe4 Bxe5 25. Bxf5 Bxd4 $16) 24... fxe4 25. Bxe4 Bxe5 26. Bxg6+ (26. dxe5 Qa5 $16) 26... Kh6 27. dxe5 (27. Bxe8 Rxe8 28. dxe5 Be6 $14)) 23... Bd5 $2 (23... Ne4 $14) 24. Bxd5 $18 Nxd5 {[%emt 0:00:06] [#]} 25. Nf3 (25. e4 $1 $18 fxe4 26. Rxe4 (26. Qxe4 Bxe5 27. Qxe5 Qxe5 $11) 26... Bxe5 27. Rh4+ (27. Rxe5 e6 $16) 27... Kg7 28. Rg4 (28. dxe5 e6 $14)) 25... Bf6 $14 26. e4 fxe4 27. Rxe4 {[%emt 0:00:31] Strongly threatening Rg4.} e6 (27... Qd7 $11) 28. Kg2 Kg7 29. Rg4 Qf7 30. Qe4 $36 {[%emt 0:00:57][%mdl 2048] White is really pushing.} Re7 31. Rh1 {[%emt 0:00:50] And now Bc1 would win.} Rf8 $2 (31... Ree8 $16 32. Rhh4 Rh8 (32... Bxh4 $2 33. Ne5 $18) 33. Rxg6+ (33. Ne5 Bxe5 34. Qxe5+ Qf6 $11) 33... Qxg6) 32. Bc1 (32. Ne5 $142 Bxe5 33. Qxe5+ Nf6 34. Rgh4) 32... Rh8 33. Rxh8 Kxh8 34. Rxg6 {[%emt 0:00:24] Hoping for Bg5.} Bg7 35. Bg5 Nf6 {[%emt 0:07:05] [#]} 36. Rxf6 Bxf6 {[%emt 0:00:17] Black is weak on the dark squares} 37. Qh4+ Kg7 38. Qh6+ Kg8 39. Bxf6 Qh7 40. Qg5+ {[%emt 0:00:03] Weighted Error Value: White=0.57/Black=0.37.  Loses game:     	---       	Black=2      Missed win:     	White=1     	---        Mistake:       	White=3     	Black=3      Inaccurate:     	---       	Black=4      OK:         	White=3     	Black=9      Best:        	White=2     	Black=2      Strong:       	White=1     	---} 1-0

[Event "WSTCC-50 2024"]
[Site "Krakow"]
[Date "2024.07.04"]
[Round "3.9"]
[White "Belakovskaia, Anjelina"]
[Black "Csonkics, Tunde"]
[Result "1/2-1/2"]
[ECO "B50"]
[WhiteElo "2171"]
[BlackElo "1995"]
[Annotator "RC"]
[PlyCount "86"]
[EventDate "2024.07.01"]
[EventType "team-tourn"]
[EventCountry "POL"]
[SourceTitle "playchess.com"]
[Source "ChessBase"]
[SourceQuality "1"]
[TimeControl "40/5400+30:1800+30"]

1. e4 c5 2. Nf3 d6 3. c3 Nf6 4. Bd3 Nc6 5. Bc2 Bg4 6. h3 Bxf3 7. Qxf3 g6 8. d3 Bg7 9. O-O O-O 10. Nd2 b5 11. Rd1 Rc8 12. Qe2 b4 13. Nb3 a5 14. a4 bxc3 15. bxc3 Qb6 16. Be3 Nd7 17. Qd2 Rfe8 18. Rab1 Qa6 19. Nc1 Rb8 20. Ne2 e6 21. Bh6 Bh8 22. Nf4 Nde5 23. Rxb8 Rxb8 24. Rb1 Rxb1+ 25. Bxb1 Qc8 26. Ba2 Bg7 27. Bxg7 Kxg7 28. d4 cxd4 29. cxd4 Nxd4 30. Nh5+ gxh5 31. Qxd4 Qc1+ 32. Kh2 Qf4+ 33. g3 Qf3 34. Bb1 h4 35. gxh4 Qf4+ 36. Kg2 Qf3+ 37. Kh2 Qf4+ 38. Kg2 Qxh4 39. Qxd6 Qg5+ 40. Kf1 Qc1+ 41. Kg2 Qg5+ 42. Kf1 Nf3 43. Bd3 Ne5 1/2-1/2

[Event "WSTCC-50 2024"]
[Site "Krakow"]
[Date "2024.07.04"]
[Round "3.10"]
[White "Kaspi, Alexander"]
[Black "Hjartarson, Johann"]
[Result "0-1"]
[ECO "E41"]
[WhiteElo "2365"]
[BlackElo "2472"]
[Annotator "TA"]
[PlyCount "140"]
[EventDate "2024.07.01"]
[EventType "team-tourn"]
[EventCountry "POL"]
[SourceTitle "playchess.com"]
[Source "ChessBase"]
[SourceQuality "1"]
[TimeControl "40/5400+30:1800+30"]

1. d4 Nf6 2. c4 e6 3. Nc3 Bb4 4. e3 c5 5. Bd3 Nc6 6. Nge2 cxd4 7. exd4 d5 8. cxd5 Nxd5 9. O-O O-O 10. Bc2 Re8 11. Qd3 g6 12. Rd1 Bf8 13. a3 Bg7 14. Ne4 Nce7 15. Bg5 h6 {[%emt 0:01:05] Black is slightly better.} 16. Bd2 Qb6 17. Nc5 Nf5 (17... Qxb2 $2 18. Rdb1 $18) 18. b4 Qd8 (18... Qd6 {looks sharper.} 19. Rac1 b6 20. Ba4 Rd8) 19. Ba4 Rf8 20. Rac1 Qe7 21. Ne4 Rd8 22. g4 Nd6 23. Nxd6 Qxd6 24. Bb3 b6 25. Qg3 Ba6 26. Bc4 Bxc4 27. Rxc4 b5 28. Rc5 a6 29. Rdc1 Qxg3+ 30. hxg3 Nb6 31. Rc6 Nc4 (31... Bxd4 $2 32. Nxd4 Nc4 (32... Rxd4 $2 33. Be3 $18) 33. Bc3 $18 (33. Bxh6 Rxd4 34. Kg2 Rd5 $15)) 32. Bc3 Rdc8 33. Rxc8+ Rxc8 34. Ra1 Nb6 {[%emt 0:01:18] Black has more active pieces.} 35. Ra2 Rc4 36. Kg2 Kf8 37. Kf3 Ke8 38. Ke4 Kd7 39. Kd3 Bf8 40. Bd2 Rc8 41. Ra1 Na4 42. Ra2 Nb6 43. Ra1 Nc4 44. Bc3 Nb6 45. Bd2 Nd5 46. Rc1 Rxc1 47. Bxc1 $15 {[%emt 0:00:00][%mdl 4096] Endgame. KBN-KBN} Kc6 48. Nc3 $2 {[%emt 0:00:00][%mdl 8192] [#] This costs White the game.} ({White should try} 48. Bd2 $15) 48... Nxc3 $1 $19 49. Kxc3 {[%emt 0:00:00] KB-KB} Kd5 50. Kd3 Bg7 51. Bb2 (51. Be3) 51... f5 52. gxf5 exf5 53. f4 Bf6 {[%emt 0:00:00] [#] Hoping for ...Bg7.} 54. Bc3 h5 55. Bb2 g5 {[%emt 0:00:00] And now ...gxf4 would win.} 56. fxg5 Bxg5 57. Bc3 Bc1 58. Be1 Bb2 59. Ke3 Bxd4+ (59... Kc4 $142 60. d5 Kxd5 (60... Bxa3 61. d6 $11)) 60. Kf4 Ke6 {[%emt 0:00:00] ( -> ...Bb2)} 61. Kg5 Bb2 62. Kxh5 Bxa3 63. Bd2 Kd5 64. Kg5 Ke4 65. Kf6 Bb2+ (65... Kd3 $142 66. Be1 Bb2+ 67. Ke6 Ke2 68. Kxf5 Kxe1 69. Ke6 Ba3 70. g4 Bxb4 71. g5 Bc3 72. g6 b4 73. Ke7 b3 74. Kf7 b2 75. g7 Bxg7 (75... b1=B {gets mated.} 76. g8=Q Ba2+ 77. Kf8 Bxg8 78. Kxg8 a5 79. Kf7 a4 80. Ke8 a3 81. Kd7 a2 82. Kc6 a1=Q 83. Kb5 Qa5+ 84. Kc6 Be5 85. Kd7 Qd5+ 86. Ke7 Bd4 87. Ke8 Qe6+ 88. Kf8 Qd7 89. Kg8 Qg7#) 76. Kxg7 a5 (76... b1=B {leads to mate.} 77. Kf6 Kd2 78. Ke6 Kc3 79. Ke7 a5 80. Kf8 a4 81. Kf7 a3 82. Kf8 a2 83. Kf7 a1=Q 84. Ke6 Kb4 85. Ke7 Kc5 86. Kf8 Kd5 87. Kf7 Kd6 88. Kg8 Bg6 89. Kf8 Qh8#) 77. Kh6 a4 (77... b1=B 78. Kg7 a4 79. Kg8 a3 80. Kg7 a2 81. Kf8 a1=Q 82. Ke7 Qe5+ 83. Kd8 Qd6+ 84. Kc8 Bf5+ 85. Kb7 Be4+ 86. Kc8 Qe7 87. Kb8 Qb7#) 78. Kh5 a3 (78... b1=B 79. Kg5 a3 80. Kf6 a2 81. Ke7 a1=Q 82. Ke6 Qd4 83. Ke7 Ba2 84. Ke8 Qg7 85. Kd8 Be6 86. Ke8 Qf7+ 87. Kd8 Qd7#) (78... b1=Q {is a self mate.} 79. Kh6 a3 80. Kg5 a2 81. Kg4 a1=Q 82. Kg5 Qe5+ 83. Kh4 Qh7+ 84. Kg4 Qhh5#) 79. Kh4 b1=Q (79... b1=B 80. Kg5 a2 81. Kf6 a1=Q+ 82. Ke6 Qd4 83. Ke7 Bf5 84. Kf7 Qe5 85. Kf8 Qf6+ 86. Kg8 Qe7 87. Kh8 Qh7#) 80. Kh5 a2 81. Kg4 a1=Q (81... a1=B 82. Kh5 Bf6 83. Kh6 Kf2 84. Kh5 Qf5+ 85. Kh6 Qg5+ 86. Kh7 Qg7#) 82. Kg5 Qe5+ 83. Kh4 Qh7+ 84. Kg4 Qhh5#) 66. Ke6 Be5 67. Be1 Bb8 (67... Bh8 $142 68. Bd2 Be5) 68. Kd7 Kf3 {[%emt 0:00:29] Black mates.} 69. Kc6 Bxg3 70. Bc3 Ke4 {[%emt 0:00:17] Weighted Error Value: White=0.74/Black=0.15 (very precise) .  Loses game:     	White=1     	---        Mistake:       	White=1     	---        Inaccurate:     	White=6     	Black=3      OK:         	White=14    	Black=13     Best:        	---       	Black=1      Strong:       	---       	Black=1} 0-1

[Event "WSTCC-50 2024"]
[Site "Krakow"]
[Date "2024.07.04"]
[Round "3.10"]
[White "Horvath, Julia"]
[Black "Marinello, Beatriz"]
[Result "0-1"]
[ECO "E15"]
[WhiteElo "2116"]
[BlackElo "2109"]
[Annotator "RC"]
[PlyCount "124"]
[EventDate "2024.07.01"]
[EventType "team-tourn"]
[EventCountry "POL"]
[SourceTitle "playchess.com"]
[Source "ChessBase"]
[SourceQuality "1"]
[TimeControl "40/5400+30:1800+30"]

1. d4 Nf6 2. c4 e6 3. Nf3 b6 4. g3 Ba6 5. Qc2 Bb7 6. Bg2 Be7 7. Nc3 c5 8. dxc5 bxc5 9. O-O Nc6 10. b3 O-O 11. Bb2 Qc8 12. Rfd1 Rd8 13. Rac1 d6 14. e3 Rb8 15. Ng5 Nb4 16. Qe2 Bxg2 17. Kxg2 Qb7+ 18. Qf3 h6 19. Qxb7 Rxb7 20. Nf3 a6 21. Rd2 Rdb8 22. Ne1 Nc6 23. Rcd1 Ne5 24. Nd3 Nc6 25. h3 Na5 26. e4 Nc6 27. f3 Nd7 28. h4 Nb6 29. f4 Kf8 30. Ba3 Nd7 31. Ne2 Ke8 32. Bb2 f6 33. Kf3 Rc8 34. Ke3 Nb6 35. Kf3 Nd7 36. Bc3 Nb6 37. Ba1 Rd7 38. Nf2 Rcd8 39. Bc3 a5 40. f5 e5 41. Nc1 a4 42. Ng4 Rb8 43. Ne3 axb3 44. axb3 Nd4+ 45. Bxd4 exd4 46. Nd5 Ra7 47. Ke2 Bd8 48. Kd3 Nd7 49. Rb2 Ne5+ 50. Kc2 Rba8 51. Nd3 Nc6 52. N3f4 Ba5 53. Ra1 Nb4+ 54. Nxb4 Bxb4 55. Rxa7 Rxa7 56. Nd3 Bc3 57. Rb1 Ra2+ 58. Nb2 h5 59. b4 cxb4 60. Kb3 Rxb2+ 61. Rxb2 Bxb2 62. Kxb2 d3 0-1

[Event "WSTCC-50 2024"]
[Site "Krakow"]
[Date "2024.07.04"]
[Round "3.10"]
[White "Wolf, Sylvia"]
[Black "Grawe, Christian"]
[Result "0-1"]
[ECO "B12"]
[WhiteElo "1992"]
[BlackElo "2232"]
[Annotator "RC"]
[PlyCount "94"]
[EventDate "2024.07.01"]
[EventType "team-tourn"]
[EventCountry "POL"]
[SourceTitle "playchess.com"]
[Source "ChessBase"]
[SourceQuality "1"]
[TimeControl "40/5400+30:1800+30"]

1. e4 c6 2. d4 d5 3. e5 Bf5 4. Nc3 e6 5. g4 Bg6 6. Nge2 c5 7. Nf4 Nc6 8. Bb5 cxd4 9. Nxg6 hxg6 10. Qxd4 Nge7 11. Bf4 a6 12. Bxc6+ Nxc6 13. Qd2 d4 14. Ne2 Qd5 15. O-O Nxe5 16. Bxe5 Qxe5 17. f4 Qd5 18. Qd3 Bc5 19. Rf3 O-O-O 20. Kg2 Rh4 21. h3 Rdh8 22. Ng1 f5 23. c4 Qd6 24. gxf5 gxf5 25. Ne2 g5 26. a3 g4 27. Rg3 Rxh3 28. b4 Qc6+ 29. Kf2 Rh2+ 30. Ke1 Rh1+ 31. Ng1 Be7 32. Qxd4 R8h6 33. Rd1 Bf6 34. Qd3 Bh4 35. Kf1 Qc7 36. Rg2 Qxf4+ 37. Ke2 Qe5+ 38. Kf1 Qc7 39. c5 Qc6 40. Rf2 Bg5 41. Ke2 Rh8 42. Qc4 g3 43. Rd6 Qb5 44. Qxb5 axb5 45. Rg2 R8h2 46. Kf3 Bf4 47. Rxe6 Rxg1 0-1

[Event "WSTCC-50 2024"]
[Site "Krakow"]
[Date "2024.07.04"]
[Round "3.11"]
[White "Petursson, Margeir"]
[Black "Fleish, Felix"]
[Result "1-0"]
[ECO "E90"]
[WhiteElo "2397"]
[BlackElo "2161"]
[Annotator "TA"]
[PlyCount "111"]
[EventDate "2024.07.01"]
[EventType "team-tourn"]
[EventCountry "POL"]
[SourceTitle "playchess.com"]
[Source "ChessBase"]
[SourceQuality "1"]
[TimeControl "40/5400+30:1800+30"]

1. d4 Nf6 2. c4 g6 3. Nc3 Bg7 4. e4 d6 5. Nf3 O-O 6. h3 c5 7. d5 e6 8. Bd3 exd5 9. cxd5 Re8 10. O-O c4 11. Bc2 b5 12. a3 ({White should try} 12. Nxb5 $16 {And now Re1 would win.} Na6 (12... Nxe4 13. Bxe4 Rxe4 14. Bg5 $16) 13. Bf4 Nxe4 14. Bxe4 Rxe4 15. Bg3 (15. Nxd6 $2 Rxf4 16. Nxc8 Rxc8 $19) (15. Bxd6 Bd7 $16)) 12... Na6 13. Re1 (13. Be3 $14 {is more appropriate.}) 13... b4 (13... Nc5 $11) 14. axb4 $14 Nxb4 {[%emt 0:00:05] White is slightly better.} 15. Be3 a5 16. Nd4 Bd7 {[%emt 0:08:42] Repels Nc6} 17. Qd2 Rb8 18. Bb1 Qc7 19. Rc1 Na6 $1 20. f3 Nc5 21. Nce2 (21. Ra3 $14) 21... Rb4 $11 22. Ba2 Reb8 23. Rc2 Ba4 24. Rxc4 Rxb2 25. Qe1 ({Better is} 25. Qc1 $11 Qb7 26. Nc3) 25... Bb5 (25... Nfd7 $15 26. Qc1 R2b4) 26. Nxb5 R8xb5 27. Bd4 $2 {[%emt 0:01:24] [#]} (27. Nd4 $11 Rb7 28. Nc6) 27... R2b4 $2 (27... Nh5 $1 $17 {...Bxd4+ is the strong threat.} 28. Bxg7 (28. Bxb2 $2 Rxb2 29. Kh2 Rxe2 $19) 28... Kxg7 29. Qc3+ Kg8) 28. Bc3 (28. Rc2 $11) 28... Ra4 (28... Nfd7 $15 29. Bxb4 Bxa1 30. Bxc5 Rxc5 31. Qxa1 Rxc4 32. Bxc4 Qxc4) 29. Nd4 $36 {[%emt 0:03:36][%mdl 2048] Black is under strong pressure.} Rb7 {[%emt 0:00:54] Threatens to win with ...Rxc4.} 30. Nc6 Rxc4 31. Bxc4 a4 32. e5 {[%emt 0:01:52] White is much more active.} ({White should play} 32. Ba5 $16 Qd7 33. Bb4 Nfxe4 34. fxe4 Rxb4 35. Nxb4 Bd4+ 36. Kh1 Bxa1 37. Qxa1) 32... dxe5 $11 33. Bxe5 {[%emt 0:00:09][%cal Bc3e5,Be5g7,Bg7d4][%mdl 32] A strong pair of Bishops.} Qd7 {[%emt 0:00:14][%mdl 8192] White leaves nothing to chance now.} (33... Qb6 $14 34. Bd4 Nfd7 35. Qe8+ Nf8 36. Bxg7 Kxg7 37. Qe5+ f6) 34. Qc3 $2 (34. Qa5 $18 {and White stays clearly on top.}) 34... Nxd5 $2 (34... Ne8 $16 {keeps fighting.}) 35. Bxd5 $18 Qxd5 36. Bxg7 {[%emt 0:00:11][%cal Og7f8] [#] Hoping for Bf8!} Qxc6 37. Bd4 Rc7 38. Rc1 Nb3 {[%emt 0:00:59][%cal Ob3d4] White must now prevent ...Nxd4!} 39. Qxc6 Rxc6 40. Rxc6 Nxd4 {[%emt 0:00:09][%mdl 4096] Endgame. KR-KN} 41. Ra6 Ne6 42. Kf2 h5 $2 (42... g5 {was necessary.} 43. g3 (43. Rxa4 Nf8 $18) 43... h6 44. Rxa4 Kg7) 43. Rxa4 Kg7 44. Ke3 Kf6 45. g3 Ke7 46. Ra5 Kf6 47. f4 {[%emt 0:00:00] Ke4 would now be deadly.} Nd8 48. Ke4 Ne6 49. Rb5 Ng7 50. Rb6+ Ne6 51. Rc6 Kg7 52. Ke5 {[%emt 0:00:00] Rxe6 would kill now.} Nf8 53. Rd6 Nh7 54. f5 g5 55. f6+ Kg6 56. Rd8 {[%emt 0:00:00] Weighted Error Value: White=0.43/Black=0.80.  Loses game:     	---       	Black=2      Missed win:     	White=1     	---        Mistake:       	White=6     	Black=5      Inaccurate:     	White=3     	Black=2      OK:         	White=8     	Black=10     Best:        	White=5     	Black=3      Strong:       	---       	Black=1} 1-0

[Event "WSTCC-50 2024"]
[Site "Krakow"]
[Date "2024.07.04"]
[Round "3.11"]
[White "Kempter, Ronald"]
[Black "Mai, Iris"]
[Result "1/2-1/2"]
[ECO "A05"]
[WhiteElo "2204"]
[BlackElo "1972"]
[Annotator "RC"]
[PlyCount "102"]
[EventDate "2024.07.01"]
[EventType "team-tourn"]
[EventCountry "POL"]
[SourceTitle "playchess.com"]
[Source "ChessBase"]
[SourceQuality "1"]
[TimeControl "40/5400+30:1800+30"]

1. Nf3 Nf6 2. g3 b6 3. Bg2 Bb7 4. O-O e6 5. d4 Be7 6. c4 d6 7. Nc3 Nbd7 8. Qc2 O-O 9. e4 e5 10. d5 a5 11. b3 Nc5 12. Bb2 Nh5 13. Nd2 Bg5 14. Ne2 Bh6 15. Bc3 Bc8 16. a3 Bg4 17. f3 Bd7 18. Nb1 Be3+ 19. Kh1 f5 20. Bd2 Bxd2 21. Nxd2 f4 22. g4 Nf6 23. b4 Nb7 24. Kg1 Qe7 25. Nc3 h5 26. h3 hxg4 27. hxg4 Nh7 28. Nb3 a4 29. Nc1 Rf6 30. Qf2 Rh6 31. Rd1 Ng5 32. Nd3 Kf7 33. Kf1 Rah8 34. Ke2 Rh2 35. Rh1 Nh3 36. Qf1 Ng5 37. Qf2 Nh3 38. Rxh2 Nxf2 39. Rxh8 Nxd3 40. Kxd3 Be8 41. Rah1 Nd8 42. Bf1 Kg6 43. Be2 Nf7 44. R8h2 b5 45. cxb5 Qd8 46. Kc2 Qa8 47. Bd3 Qa7 48. Re2 Ng5 49. Rf1 Bd7 50. Kb2 Qd4 51. Kc2 Qa7 1/2-1/2

[Event "WSTCC-50 2024"]
[Site "Krakow"]
[Date "2024.07.04"]
[Round "3.11"]
[White "Sagalchik, Olga"]
[Black "Forgo, Eva"]
[Result "1/2-1/2"]
[ECO "D11"]
[WhiteElo "2128"]
[BlackElo "2060"]
[Annotator "NA RC"]
[PlyCount "81"]
[EventDate "2024.07.01"]
[EventType "team-tourn"]
[EventCountry "POL"]
[SourceTitle "playchess.com"]
[Source "ChessBase"]
[SourceQuality "1"]
[TimeControl "40/5400+30:1800+30"]

1. d4 d5 2. c4 c6 3. Nf3 Nf6 4. e3 e6 5. Qc2 Nbd7 6. cxd5 exd5 7. Be2 Bd6 8. Nc3 O-O 9. Bd2 Re8 10. h4 Nf8 11. O-O-O Bg4 12. Ng5 Bxe2 13. Nxe2 h6 14. Nh3 Ne4 15. g3 Qe7 16. Nc3 Nd7 17. Nxe4 Qxe4 18. Qxe4 dxe4 19. g4 Nb6 20. g5 h5 21. g6 f6 22. Rdf1 Nd5 23. f4 c5 24. dxc5 Bxc5 25. Re1 Ne7 26. f5 Nxf5 27. Nf4 Rad8 28. a3 Bd6 29. Nxh5 Rc8+ 30. Kb1 Ng3 31. Nxg3 Bxg3 32. Ref1 Be5 33. h5 Red8 34. Bc1 b5 35. Rd1 Kf8 36. Rxd8+ Rxd8 37. Rf1 Ke7 38. Kc2 Rh8 39. Rh1 f5 40. Bd2 Kf6 41. Bc3 1/2-1/2